 Seeded DCSS version 0.31-a0-564-g3b7de120b3 (webtiles) character file.

Game seed: 16161720884980326079 (custom seed)

241 innerfire43 the Ruffian (level 6, -6/47 HPs)
             Began as a Gnoll Shapeshifter on Aug 16, 2023.
             Was a Priest of Lugonu.
             Mangled by an iguana (10 damage)
             ... on level 4 of the Dungeon on Aug 17, 2023.
             The game lasted 00:03:50 (2146 turns).

innerfire43 the Ruffian (Gnoll Shapeshifter)        Turns: 2146, Time: 00:03:51

Health: -6/47      AC: 11    Str: 15    XL:     6   Next: 8%
Magic:  8/8        EV: 13    Int:  7    God:    Lugonu [***...]
Gold:   137        SH:  0    Dex: 18    Spells: 8/8 levels left

rFire   . .          .
                       - Unarmed
rCold   x . .        (shield currently unavailable)
rNeg    . . .        s - +1 ring mail {Will+}
rPois   .            n - +2 helmet "Paunutas" {rC- Will++ Dex+4 SInv}
rElec   .            r - +1 cloak
rCorr   .            (no gloves)
SInv    +            (no boots)
Will    +++..        j - amulet of faith
Stlth   +            (no ring)
HPRegen 0.27/turn    (no ring)
MPRegen 0.11/turn

%: faith
@: flux-form, glowing
A: glow, contaminating, fangs 1, strong nose, distributed training
a: Begin Untransformation, Renounce Religion, Depart the Abyss, Banish


You were on level 4 of the Dungeon.
You worshipped Lugonu.
Lugonu was most pleased with you.
You were something dangerously unstable.
You visited 1 branch of the dungeon, and saw 4 of its levels.

You collected 137 gold pieces.

Inventory:

Hand Weapons
 f - a +4 club
Missiles
 o - a throwing net
Armour
 a - a +0 animal skin
 g - a +0 helmet
 n - the +2 helmet "Paunutas" (worn) {rC- Will++ Dex+4 SInv}
   (You took it off Robin on level 2 of the Dungeon)

   Dex+4:     It affects your dexterity (+4).
   rC-:       It makes you vulnerable to cold.
   Will++:    It greatly increases your willpower.
   SInv:      It lets you see invisible.
 r - a +1 cloak (worn)
 s - a +1 ring mail of willpower (worn)
Jewellery
 j - an amulet of faith (around neck)
 p - an amulet of magic regeneration
 q - an amulet of guardian spirit
Talismans
 c - a beast talisman
 d - a flux talisman (active)
Wands
 u - a wand of flame (18)
Scrolls
 e - a scroll of brand weapon {unknown}
 h - 2 scrolls of silence {unknown}
 l - a scroll of fog {unknown}
 t - a scroll of poison {unknown}
 v - a scroll of identify {unknown}
 x - 3 scrolls of teleportation {unknown}
Potions
 b - a potion of lignification
 i - a potion of haste {unknown}
 k - a potion of ambrosia {unknown}
 m - a potion of attraction {unknown}
 w - a potion of curing {unknown}


   Skills:
 + Level 3.1 Fighting
 + Level 1.8 Short Blades
 + Level 1.8 Long Blades
 + Level 1.8 Axes
 + Level 1.8 Maces & Flails
 + Level 1.8 Polearms
 + Level 1.8 Staves
 + Level 1.8 Ranged Weapons
 + Level 1.8 Throwing
 + Level 1.8 Armour
 + Level 4.9 Dodging
 + Level 1.8 Stealth
 + Level 1.8 Shields
 + Level 6.8 Unarmed Combat
 + Level 1.8 Spellcasting
 + Level 1.4 Conjurations
 + Level 1.4 Hexes
 + Level 1.4 Summonings
 + Level 1.4 Necromancy
 + Level 1.4 Translocations
 + Level 1.4 Transmutations
 + Level 1.4 Fire Magic
 + Level 1.4 Ice Magic
 + Level 1.4 Air Magic
 + Level 1.4 Earth Magic
 + Level 1.4 Poison Magic
 + Level 2.0 Invocations
 + Level 1.8 Evocations
 + Level 6.7 Shapeshifting


You had 8 spell levels left.
You didn't know any spells.
Your spell library contained the following spells:

 Spells                   Type           Power      Damage    Failure   Level
 Poisonous Vapours        Pois/Air       4%         N/A       54%         2
 Mephitic Cloud           Conj/Pois/Air  2%         N/A       77%         3
 Freezing Cloud           Conj/Ice/Air   1%         6-21      100%        5


Dungeon Overview and Level Annotations

Branches:
Dungeon (4/15)
 Temple: D:4-7

Altars:
Lugonu


Innate Abilities, Weirdness & Mutations

You are something dangerously unstable.
You glow with magical radiation, making you easy to see and hit.
Foes you strike become dangerously contaminated with magical radiation.
You are incapable of wielding weapons or throwing items.
You have very sharp teeth.
Your uncanny sense of smell can sniff out nearby items.
Your experience applies equally to all skills.


Message History

The sleepcap shudders as magic cascades through it!!
You destroy the sleepcap!
Lugonu accepts your kill.
The jackal bites you but does no damage.
The iguana barely misses you. The orc misses you.
Your Invocations skill increases to level 2!
You have reached level 6!
You hit the orc.
The orc begins to glow.
The orc is heavily wounded.
The jackal bites you.
Unknown command.
You hit the orc.
The orc glows dangerously bright.
The orc is severely wounded.
The jackal barely misses you.
The iguana bites you but does no damage.
The orc hits you with a +0 dagger.
Unknown command.
You hit the orc.
You kill the orc!
Lugonu accepts your kill. The jackal misses you. The iguana bites you!
* * * LOW HITPOINT WARNING * * *
The jackal bites you but does no damage.
You hit the jackal.
You kill the jackal!
Lugonu accepts your kill. The iguana barely misses you.
Unknown command.
You barely miss the iguana.
The iguana hisses menacingly.
The iguana bites you but does no damage.
Unknown command.
You hit the iguana.
The iguana begins to glow.
The iguana is lightly wounded.
The iguana bites you.
* * * LOW HITPOINT WARNING * * *
You completely miss the iguana.
The iguana is lightly wounded.
The iguana bites you!
You die...

#........#
##.....(....
###....#######
###.....##
#.......##
......##.....#
..... #.....##
##.. ##...l.##
#. ##.B†..# #
##))..#
.......#....#
...l... #....#
....... #...#
....... #...#
....... ....
#...... ...
#...... ..


You could see an iguana (contam).

Vanquished Creatures
  Crazy Yiuf (D:2)
  Jessica (D:2)
  Terence (D:2)
  A sleepcap (D:4)
  Robin (D:2)
  3 adders (D:2)
  An ufetubus (D:4)
  3 worms (D:2)
  A dart slug (D:1)
  8 orcs
  A bat (D:3)
  2 endoplasms
  2 giant cockroaches
  16 goblins
  10 hobgoblins
  4 jackals (D:4)
  8 kobolds
  A quokka (D:1)
  4 ball pythons
  3 frilled lizards
  3 rats
75 creatures vanquished.

Notes
Turn   | Place    | Note
-------+----------+-------------------------------------------
     0 | D:1      | innerfire43 the Gnoll Shapeshifter began the quest for the
                  | Orb.
     0 | D:1      | Reached XP level 1. HP: 17/17 MP: 1/1
     0 | D:1      | Upgraded the game from 0.31-a0-557-g6e16503903 to
                  | 0.31-a0-564-g3b7de120b3
    82 | D:1      | Found a faded altar of an unknown god.
   111 | D:1      | Reached XP level 2. HP: 15/23 MP: 2/2
   121 | D:1      | Prayed at the altar of an unknown god.
   121 | D:1      | Became a worshipper of Lugonu the Unformed
   121 | D:1      | Reached * piety under Lugonu
   518 | D:2      | Noticed Terence
   528 | D:2      | Killed Terence
   529 | D:2      | Reached skill level 1 in Invocations
   529 | D:2      | Reached XP level 3. HP: 10/28 MP: 2/4
   651 | D:2      | Reached skill level 1 in Short Blades
   651 | D:2      | Reached skill level 1 in Long Blades
   651 | D:2      | Reached skill level 1 in Axes
   651 | D:2      | Reached skill level 1 in Maces & Flails
   651 | D:2      | Reached skill level 1 in Polearms
   651 | D:2      | Reached skill level 1 in Staves
   651 | D:2      | Reached skill level 1 in Ranged Weapons
   651 | D:2      | Reached skill level 1 in Throwing
   651 | D:2      | Reached skill level 1 in Armour
   651 | D:2      | Reached skill level 1 in Stealth
   651 | D:2      | Reached skill level 1 in Shields
   651 | D:2      | Reached skill level 1 in Spellcasting
   651 | D:2      | Reached skill level 1 in Evocations
   764 | D:2      | Reached XP level 4. HP: 25/34 MP: 5/5
   900 | D:2      | Identified the +2 helmet "Paunutas" {rC- Will++ Dex+4 SInv}
   900 | D:2      | Noticed Robin
   915 | D:2      | Reached skill level 1 in Conjurations
   915 | D:2      | Reached skill level 1 in Hexes
   915 | D:2      | Reached skill level 1 in Summonings
   915 | D:2      | Reached skill level 1 in Necromancy
   915 | D:2      | Reached skill level 1 in Translocations
   915 | D:2      | Reached skill level 1 in Transmutations
   915 | D:2      | Reached skill level 1 in Fire Magic
   915 | D:2      | Reached skill level 1 in Ice Magic
   915 | D:2      | Reached skill level 1 in Air Magic
   915 | D:2      | Reached skill level 1 in Earth Magic
   915 | D:2      | Reached skill level 1 in Poison Magic
   930 | D:2      | Reached ** piety under Lugonu
   943 | D:2      | Killed Robin
  1081 | D:2      | Noticed Jessica
  1083 | D:2      | Reached XP level 5. HP: 38/40 MP: 5/7
  1087 | D:2      | Killed Jessica
  1219 | D:2      | Found a runed translucent door.
  1220 | D:2      | Noticed Crazy Yiuf
  1226 | D:2      | Killed Crazy Yiuf
  1728 | D:3      | Identified the +5 dagger of the King {flame, Fly rC+++
                  | Str-5 Dex-4}
  2140 | D:4      | Reached XP level 6. HP: 23/47 MP: 8/8
  2142 | D:4      | Reached *** piety under Lugonu
  2146 | D:4      | Mangled by an iguana

Illustrated notes

Levels and vault maps discovered:
D:1:      nzn_arrival_settlement, layout_rooms,
          shapermc_ecumenical_altar_starsandcircs
D:2:      layout_basic, feat_on_display, uniq_jessica, uniq_robin,
          uniq_crazy_yiuf_cottage, uniq_terence
D:3:      layout_rooms, interstate_on_off, guppyfry_early_orc_mine
D:4:      layout_cave_pods, gammafunk_temple_overflow_wave, enter_ossuary_1,
          serial_shops, kennysheep_little_box

Skill      XL: |  1  2  3  4  5 |
---------------+----------------+-----
Invocations    | 1 2 |  2.0
Short Blades   | 1 |  1.8
Long Blades    | 1 |  1.8
Axes           | 1 |  1.8
Maces & Flails | 1 |  1.8
Polearms       | 1 |  1.8
Staves         | 1 |  1.8
Ranged Weapons | 1 |  1.8
Throwing       | 1 |  1.8
Armour         | 1 |  1.8
Stealth        | 1 |  1.8
Shields        | 1 |  1.8
Spellcasting   | 1 |  1.8
Evocations     | 1 |  1.8
Conjurations   | 1 |  1.4
Hexes          | 1 |  1.4
Summonings     | 1 |  1.4
Necromancy     | 1 |  1.4
Translocations | 1 |  1.4
Transmutations | 1 |  1.4
Fire Magic     | 1 |  1.4
Ice Magic      | 1 |  1.4
Air Magic      | 1 |  1.4
Earth Magic    | 1 |  1.4
Poison Magic   | 1 |  1.4
Fighting       | 3 |  3.1
Dodging        | |  4.9
Unarmed Combat | |  6.8
Shapeshifting  | |  6.7

Action                     |  1- 3 |  4- 6 || total
---------------------------+-------+-------++-------
  Melee: Unarmed           |    54 |   153 ||   207
         Bite              |     9 |    23 ||    32
    Use: Potion            |       |     1 ||     1
   Stab: Sleeping          |       |     1 ||     1
 Armour: Animal skin       |     5 |    10 ||    15
         Ring mail         |       |    45 ||    45
  Dodge: Dodged            |    32 |   132 ||   164
   Form: Flux              |     1 |       ||     1

Table legend: (Time is in decaauts)
 A = Elapsed time spent in this place.
 B = Non-inter-level travel time spent in this place.
 C = Inter-level travel time spent in this place.
 D = Time resting spent in this place.
 E = Time spent auto-exploring this place.
 F = Levels seen in this place.
 G = Mean time per level.
                   A        B        C        D        E       F      G
               +--------+--------+--------+--------+--------+-----+--------+
         Total |   2120 |   2050 |     70 |      0 |   1630 |   4 |  530.0 |
       Dungeon |   2120 |   2050 |     70 |      0 |   1630 |   4 |  530.0 |
               +--------+--------+--------+--------+--------+-----+--------+

Top non-repeatable levels by time:
     D:2: 844 daAuts
     D:3: 670 daAuts
     D:1: 475 daAuts
     D:4: 130 daAuts
